AoeStats
← Attila the Hun

Lombardia

509902018Analyzed
4v4 RM · 5d ago on Sep 28, 2026· 9m 38s· 8 players
Game mode
Random Map
Map size
Large (8 player)
Population
200
Speed
Normal
Resources
Standard
Victory
Conquest
Starting age
Dark Age
Ending age
Imperial Age
RankedLock teamsTeams togetherTeam positionsShared explorationLock speedFull tech treeHidden civsTurbo modeCheats
Victory
Defeat
🇪🇸 Khmer · Spain
1093
+15
🇨🇦 Varangians · Canada
1062
+17
🇫🇷 Mongols · France
1047
+17
🇲🇽 Khitans · Mexico
1045
+17
🇹🇼 Mapuche · Taiwan
1101
-18
🇹🇷 Bohemians · Türkiye
1097
-17
🇹🇼 Franks · Taiwan
1057
-16
🇨🇳 Turks · China
1043
-15
Papa Fil
8:07 Loom
10:28 Feudal Age
Riderelph
8:55 Feudal Age
7:10 Loom
9:34 Double-Bit Axe
Attila the Hun
3:56 Loom
10:28 Feudal Age
Ace
4:58 Loom
Subuday Noyan
Monkidz
3:00 Loom
kukucdenss
11:10 Feudal Age
gongyi528
Connection lost

Rejoining the realm…

Still unreachable

The connection could not be restored.

Session expired

The server has moved on; the page needs a fresh start.